 Dungeon Crawl Stone Soup version 0.22.0-18-ge075c0d (webtiles) character file.

4312 Faca the Cleaver (level 10, -3/94 HPs)
             Began as a Minotaur Berserker on Aug 19, 2018.
             Was a High Priest of Trog.
             Killed from afar by an orc sorcerer (20 damage)
             ... with a bolt of fire
             ... on level 8 of the Dungeon.
             The game lasted 00:15:33 (6970 turns).

Faca the Cleaver (Minotaur Berserker)               Turns: 6970, Time: 00:15:33

Health: -3/94      AC: 14    Str: 24    XL:     10   Next: 11%
Magic:  9/9        EV:  9    Int:  4    God:    Trog [*****.]
Gold:   451        SH:  0    Dex: 11    Spells: 9/9 levels left

rFire    . . .     SeeInvis .   k - +0 war axe
rCold    . . .     Gourm    .   (no shield)
rNeg     . . .     Faith    .   b - +0 chain mail
rPois    .         Spirit   .   (helmet restricted)
rElec    .         Reflect  .   (no cloak)
rCorr    .         Harm     .   (no gloves)
MR       .....                  h - +1 pair of boots
Stlth    ..........             (no amulet)
HPRegen  0.25/turn              m - +4 ring of protection
MPRegen  0.11/turn              (no ring)

@: no status effects
A: retaliatory headbutt, horns 2
a: Berserk, Trog's Hand, Brothers in Arms, Renounce Religion


You were on level 8 of the Dungeon.
You worshipped Trog.
Trog was extremely pleased with you.
You were not hungry.

You visited 1 branch of the dungeon, and saw 9 of its levels.

You collected 473 gold pieces.
You spent 22 gold pieces at shops.

Inventory:

Hand Weapons
 k - a +0 war axe (weapon)
Missiles
 p - 4 throwing nets (quivered)
Armour
 b - a +0 chain mail (worn)
 h - a +1 pair of boots (worn)
Jewellery
 m - a +4 ring of protection (left hand)
Wands
 l - a wand of flame (50)
 v - a wand of acid (8)
 A - a wand of disintegration (12)
Scrolls
 g - a scroll of immolation
 j - 2 scrolls of remove curse
 q - a scroll of fog
 z - a scroll of blinking
Potions
 a - 2 potions of magic
 f - a potion of mutation
 i - 3 potions of haste
 o - a potion of heal wounds
 r - a potion of might {unknown}
 s - a potion of brilliance
 u - a potion of curing {unknown}
 x - 2 potions of lignification
 B - a potion of invisibility {unknown}
Comestibles
 c - 20 rations


   Skills:
 + Level 10.8 Fighting
 * Level 14.0 Axes
 - Level 2.4 Armour
 - Level 2.1 Dodging


You had 9 spell levels left.
You didn't know any spells.
Your spell library was empty.

Dungeon Overview and Level Annotations

Branches:
Dungeon (9/15)             Temple (0/1) D:7
   Lair: D:8-11         Orc: D:9-12

Altars:
Dithmenos
Elyvilon
Fedhas
Qazlal
Sif Muna
Uskayaw

Shops:
D:4 (   D:5 (?

Annotations:
D:3 Blork the orc


Innate Abilities, Weirdness & Mutations

You reflexively headbutt those who attack you in melee.
You have a pair of horns on your head.


Message History

The orc sorcerer is lightly wounded.
The orc sorcerer closely misses you.
You slash the orc sorcerer!
The orc sorcerer is moderately wounded.
The orc sorcerer hits you but does no damage.
You barely miss the orc sorcerer.
The orc sorcerer is moderately wounded.
Your chain mail prevents you from hitting the orc sorcerer.
You headbutt the orc sorcerer!
The orc sorcerer is severely wounded.
The orc sorcerer gestures wildly while chanting.
You hit the orc sorcerer but do no damage.
The orc sorcerer is severely wounded.
The orc sorcerer hits you but does no damage.
You barely miss the orc sorcerer.
The orc sorcerer is severely wounded.
The orange demon stings you but does no damage.
The orc sorcerer casts a spell at you. The bolt of fire hits you!
You die...

......P.....#.##.#
............#..#.#
............#..#.#
####.####...##...#
.....# #...##...#
.....## #...##.÷.#
...#..###...##..4#
.##.##.########o.#
.#.⌠.#..........@#
.##.##..........##
..O#............#
.....############
....###########
....§§§J§.....#
##...§§§§.....#
#...§§O§.....#
##....§§......#


You could see an orange demon and an orc sorcerer.

Vanquished Creatures
  Harold (D:8)
  2 hippogriffs
  2 steam dragons (D:7)
  A sky beast (D:5)
  A black bear (D:6)
  2 phantoms
  4 ogres
  3 big kobolds
  6 bullfrogs
  A wyvern skeleton (D:8)
  7 crimson imps
  A bullfrog zombie (D:5)
  5 hounds
  2 jellies (D:7)
  2 centaur zombies
  A gnoll shaman (D:5)
  6 orc priests
  A bullfrog skeleton (D:5)
  A centaur skeleton (D:7)
  An iguana (D:4)
  8 worker ants
  11 orc wizards
  2 hound skeletons
  5 gnolls (D:5)
  5 adders
  3 shadow imps
  3 oozes
  An adder zombie (D:6)
  An adder skeleton (D:8)
  4 worms
  3 dart slugs
  6 leopard geckos
  38 orcs
  5 giant cockroaches
  7 goblins
  3 hobgoblins
  12 jackals
  3 quokkas
  A ball python (D:1)
  9 bats
  4 frilled lizards
  A jackal zombie (D:5)
  20 kobolds
  A quokka skeleton (D:6)
  5 rats
211 creatures vanquished.

Notes
Turn   | Place    | Note
-------+----------+-------------------------------------------
     0 | D:1      | Faca the Minotaur Berserker began the quest for the Orb.
     0 | D:1      | Reached XP level 1. HP: 19/19 MP: 0/0
   131 | D:1      | Reached skill level 4 in Axes
   131 | D:1      | Reached XP level 2. HP: 22/27 MP: 1/1
   294 | D:1      | Reached XP level 3. HP: 31/34 MP: 2/2
   331 | D:1      | Reached ** piety under Trog
   793 | D:2      | Found a stormy altar of Qazlal.
  1313 | D:3      | Reached XP level 4. HP: 34/41 MP: 3/3
  1330 | D:3      | Reached skill level 5 in Axes
  1334 | D:3      | Reached skill level 5 in Fighting
  1705 | D:3      | Found a blossoming altar of Fedhas.
  1834 | D:3      | Noticed Blork the orc
  2013 | D:3      | Found a deep blue altar of Sif Muna.
  2269 | D:3      | Reached XP level 5. HP: 42/48 MP: 4/4
  2339 | D:4      | Reached *** piety under Trog
  2339 | D:4      | Reached skill level 6 in Axes
  2603 | D:4      | Reached XP level 6. HP: 49/57 MP: 5/5
  2613 | D:4      | Reached skill level 7 in Axes
  2866 | D:4      | Reached XP level 7. HP: 46/64 MP: 6/6
  3107 | D:4      | Reached skill level 8 in Axes
  3115 | D:4      | Found Gaquen's Antique Weapon Shop.
  3342 | D:5      | Entered Level 5 of the Dungeon
  3410 | D:5      | Found Worrom's Weapon Shop.
  3575 | D:5      | Reached skill level 9 in Axes
  3702 | D:5      | Found Sosmul's Magic Scroll Boutique.
  3706 | D:5      | Reached **** piety under Trog
  3711 | D:5      | Bought a scroll of identify for 22 gold pieces
  3800 | D:5      | Reached XP level 8. HP: 66/73 MP: 7/7
  4043 | D:5      | Reached skill level 10 in Axes
  4457 | D:6      | Reached skill level 11 in Axes
  4702 | D:7      | Found a shadowy altar of Dithmenos.
  4873 | D:7      | Reached XP level 9. HP: 61/83 MP: 8/8
  5013 | D:7      | Reached skill level 12 in Axes
  5282 | D:7      | Found a staircase to the Ecumenical Temple.
  5493 | D:7      | Found a hide-covered altar of Uskayaw.
  5493 | D:7      | Noticed a dagger
  5494 | D:7      | Noticed a hand axe
  5873 | D:8      | Found a white marble altar of Elyvilon.
  5932 | D:8      | Reached ***** piety under Trog
  5936 | D:8      | Reached skill level 10 in Fighting
  5936 | D:8      | Noticed Harold
  5954 | D:8      | Killed Harold
  5954 | D:8      | Reached skill level 13 in Axes
  5954 | D:8      | Reached XP level 10. HP: 45/94 MP: 9/9
  6625 | D:8      | Reached skill level 14 in Axes
  6890 | D:9      | Noticed a wizard
  6899 | D:9      | Noticed an orc sorcerer
  6899 | D:9      | Noticed an orc sorcerer
  6955 | D:9      | Paralysed by an orc sorcerer for 2 turns
  6958 | D:9      | Noticed a sixfirhy
  6969 | D:8      | Noticed an orange demon
  6970 | D:8      | Killed from afar by an orc sorcerer

Skill      XL: |  1  2  3  4  5  6  7  8  9 10 |
---------------+-------------------------------+-----
Fighting       | 4 5 6 7 9 10 | 10.8
Axes           | 4 5 6 7 9 11 13 14 | 14.0
Armour         | |  2.4
Dodging        | |  2.1

Action                   |  1- 3 |  4- 6 |  7- 9 | 10-12 || total
-------------------------+-------+-------+-------+-------++-------
Melee: Hand axe          |    75 |       |       |       ||    75
       Headbutt          |    14 |    21 |    47 |     6 ||    88
       War axe           |    11 |    93 |   287 |    36 ||   427
Invok: Berserk           |       |     1 |     1 |       ||     2
       Trog's Hand       |       |       |     1 |       ||     1
  Use: Scroll            |       |       |       |    17 ||    17
 Stab: Sleeping          |     1 |       |       |       ||     1
  Eat: Ration            |     1 |     1 |     3 |     1 ||     6
       Chunk             |       |       |     1 |       ||     1
Armor: Animal skin       |    18 |     1 |       |       ||    19
       Chain mail        |       |    65 |   157 |    24 ||   246
Dodge: Dodged            |    65 |    43 |   119 |    15 ||   242
